TOP OF THE 1ST |
Durham Rapiers batting - Pitching for Helena Grizzlies : RHP Teddy Jones
|
Pitching: RHP Teddy Jones
|
|
Batting: RHB Kevin Sanderson
|
0-0: Swinging Strike 0-1: Ball 1-1: SINGLE (Line Drive, 8LS)
|
Batting: RHB Caleb Lee
|
0-0: Called Strike 0-1: SINGLE (Groundball, 4MD) Kevin Sanderson to second
|
Batting: RHB Luis Tapia
|
0-0: Ball 1-0: Ball 2-0: SINGLE (Line Drive, 6MD) Kevin Sanderson to third Caleb Lee to second
|
Batting: SHB Dan Godwin
|
0-0: Ball 1-0: Foul Ball, location: 2F 1-1: Ball 2-1: Foul Ball, location: 2F 2-2: Foul Ball, location: 2F 2-2: Ball 3-2: Fielders Choice at 2nd, 5-4 (Groundball, 56) Kevin Sanderson scores Caleb Lee to third
|
Batting: SHB Robby Day
|
0-0: Called Strike 0-1: Foul Ball, location: 2F 0-2: DOUBLE (Flyball, 89XD) Caleb Lee scores Dan Godwin to third Runner from 3rd tries for Home, SAFE, no throw or cutoff
|
Batting: LHB Adrián Franco
|
0-0: Called Strike 0-1: Fly out, F7 (Flyball, 78S)
|
Batting: RHB Augusto Flores
|
0-0: Ball 1-0: Foul Ball, location: 2F 1-1: SINGLE (Line Drive, 9S) Robby Day to third
|
Batting: SHB Orlando López
|
0-0: Foul Ball, location: 2F 0-1: Called Strike 0-2: Ball 1-2: Strikes out swinging
|
Top of the 1st over - 3 run(s), 5 hit(s), 0 error(s), 2 left on base; Durham 3 - Helena 0 |
BOTTOM OF THE 1ST |
Helena Grizzlies batting - Pitching for Durham Rapiers : LHP David Cole
|
Pitching: LHP David Cole
|
|
Batting: RHB Hank Kenney
|
0-0: Called Strike 0-1: Foul Ball, location: 2F 0-2: Strikes out looking
|
Batting: RHB David Ramírez
|
0-0: Ball 1-0: Foul Ball, location: 2F 1-1: Called Strike 1-2: Ball 2-2: Ball 3-2: SINGLE (Groundball, 6MD) (infield hit)
|
Batting: RHB Jorge Díaz
|
0-0: Called Strike Pickoff Throw to First - Error! E1 David Ramírez to second 0-1: Swinging Strike 0-2: Ball 1-2: Strikes out swinging
|
Batting: LHB Rufo Flores
|
0-0: Called Strike 0-1: Called Strike 0-2: Strikes out swinging
|
Bottom of the 1st over - 0 run(s), 1 hit(s), 1 error(s), 1 left on base; Durham 3 - Helena 0 |
TOP OF THE 2ND |
Durham Rapiers batting - Pitching for Helena Grizzlies : RHP Teddy Jones
|
Batting: LHB Evan Nelson
|
0-0: Ball 1-0: Fly out, F8 (Flyball, 8LM)
|
Batting: RHB Kevin Sanderson
|
0-0: Foul Ball, location: 2F 0-1: SINGLE (Groundball, 6MD)
|
Batting: RHB Caleb Lee
|
0-0: Ball 1-0: Ball 2-0: Ground out 4-3 (Groundball, 4M) Kevin Sanderson to second
|
Batting: RHB Luis Tapia
|
0-0: Fly out, F7 (Flyball, 7D)
|
Top of the 2nd over - 0 run(s), 1 hit(s), 0 error(s), 1 left on base; Durham 3 - Helena 0 |
BOTTOM OF THE 2ND |
Helena Grizzlies batting - Pitching for Durham Rapiers : LHP David Cole
|
Batting: SHB Bruce Hunt
|
0-0: Ball 1-0: Called Strike 1-1: Foul Ball, location: 2F 1-2: Strikes out swinging
|
Batting: RHB Octávio Zúñiga
|
0-0: Ball 1-0: Ball 2-0: Ball 3-0: Called Strike 3-1: Base on Balls
|
Batting: RHB Joe Chase
|
0-0: Called Strike 0-1: Foul Ball, location: 2F 0-2: Ball 1-2: Strikes out looking
|
Batting: RHB Curt Pope
|
0-0: Called Strike 0-1: Ball Pickoff Throw to First - Out!
|
Bottom of the 2nd over - 0 run(s), 0 hit(s), 0 error(s), 0 left on base; Durham 3 - Helena 0 |
TOP OF THE 3RD |
Durham Rapiers batting - Pitching for Helena Grizzlies : RHP Teddy Jones
|
Batting: SHB Dan Godwin
|
0-0: Fly out, F6 (Popup, 6MD)
|
Batting: SHB Robby Day
|
0-0: Ball 1-0: Fly out, F9 (Line Drive, 9D)
|
Batting: LHB Adrián Franco
|
0-0: Ground out U3 (Groundball, 3L)
|
Top of the 3rd over - 0 run(s), 0 hit(s), 0 error(s), 0 left on base; Durham 3 - Helena 0 |
BOTTOM OF THE 3RD |
Helena Grizzlies batting - Pitching for Durham Rapiers : LHP David Cole
|
Batting: RHB Curt Pope
|
0-0: DOUBLE (Line Drive, 78M)
|
Batting: RHB Matt Williams
|
0-0: Ball 1-0: Ball 2-0: Foul Ball, location: 2F 2-1: Ground out 5-3 (Groundball, 56S) Curt Pope to third
|
Batting: RHB Hank Kenney
|
0-0: Ball 1-0: Foul Ball, location: 2F 1-1: Foul Ball, location: 2F 1-2: Foul Ball, location: 2F 1-2: Foul Ball, location: 2F 1-2: Foul Ball, location: 2F 1-2: Ball 2-2: Foul Ball, location: 2F 2-2: Strikes out swinging
|
Batting: RHB David Ramírez
|
0-0: Ball 1-0: Foul Ball, location: 2F 1-1: Called Strike 1-2: Fly out, F9 (Flyball, 89M)
|
Bottom of the 3rd over - 0 run(s), 1 hit(s), 0 error(s), 1 left on base; Durham 3 - Helena 0 |
TOP OF THE 4TH |
Durham Rapiers batting - Pitching for Helena Grizzlies : RHP Teddy Jones
|
Batting: RHB Augusto Flores
|
0-0: Swinging Strike 0-1: Foul Ball, location: 2F 0-2: Ball 1-2: Ball 2-2: Foul Ball, location: 2F 2-2: Ball 3-2: Base on Balls
|
Batting: SHB Orlando López
|
0-0: Ball 1-0: Ball 2-0: Ball 3-0: Base on Balls Augusto Flores to second
|
Batting: LHB Evan Nelson
|
0-0: Foul Ball, location: 2F 0-1: Ball 1-1: Foul Ball, location: 2F 1-2: SINGLE (Groundball, 5D) Augusto Flores to third Orlando López to second Runner from 3rd tries for Home, SAFE, throw made home Orlando López to third Evan Nelson to second
|
Batting: RHB Kevin Sanderson
|
0-0: Called Strike 0-1: Ball 1-1: Ball 2-1: Ball 3-1: Called Strike 3-2: Base on Balls
|
Batting: RHB Caleb Lee
|
0-0: Ball 1-0: Grounds into double play, 6-4-3 (Groundball, 6M) Orlando López scores Evan Nelson to third
|
Batting: RHB Luis Tapia
|
0-0: Called Strike 0-1: SINGLE (Groundball, 56) Evan Nelson scores
|
Pitching: RHP José Gutiérrez
|
|
Batting: SHB Dan Godwin
|
0-0: Ground out U3 (Groundball, 3)
|
Top of the 4th over - 3 run(s), 2 hit(s), 0 error(s), 1 left on base; Durham 6 - Helena 0 |
BOTTOM OF THE 4TH |
Helena Grizzlies batting - Pitching for Durham Rapiers : LHP David Cole
|
Batting: RHB Jorge Díaz
|
0-0: Ball 1-0: Foul Ball, location: 2F 1-1: SINGLE (Line Drive, 56D)
|
Batting: LHB Rufo Flores
|
0-0: Foul Ball, location: 2F 0-1: Ball 1-1: Swinging Strike 1-2: Ball 2-2: Foul Ball, location: 2F 2-2: Foul Ball, location: 2F 2-2: Ball 3-2: Strikes out swinging Jorge Díaz steals 2nd base Batter strikes out.
|
Batting: SHB Bruce Hunt
|
0-0: Ball 1-0: Ball 2-0: Foul Ball, location: 2F 2-1: Fly out, F8 (Line Drive, 8LM)
|
Batting: RHB Octávio Zúñiga
|
0-0: Ball 1-0: Swinging Strike 1-1: Foul Ball, location: 2F 1-2: Foul Ball, location: 2F 1-2: Ball 2-2: Fly out, F7 (Flyball, 78M)
|
Bottom of the 4th over - 0 run(s), 1 hit(s), 0 error(s), 1 left on base; Durham 6 - Helena 0 |
TOP OF THE 5TH |
Durham Rapiers batting - Pitching for Helena Grizzlies : RHP José Gutiérrez
|
Batting: SHB Robby Day
|
0-0: Ball 1-0: Ball 2-0: Ball 3-0: Base on Balls
|
Batting: LHB Adrián Franco
|
0-0: Ball 1-0: Foul Ball, location: 2F 1-1: Fly out, F3 (Popup, 34S)
|
Batting: RHB Augusto Flores
|
0-0: Swinging Strike 0-1: Ball 1-1: Ball 2-1: Called Strike 2-2: Ball 3-2: Foul Ball, location: 2F 3-2: Foul Ball, location: 2F 3-2: Foul Ball, location: 2F 3-2: Reached on Error, E4 (Popup, 4) Robby Day to second
|
Batting: SHB Orlando López
|
0-0: Ball 1-0: Ball 2-0: Ball 3-0: Base on Balls Robby Day to third Augusto Flores to second
|
Batting: LHB Evan Nelson
|
0-0: Ball 1-0: Called Strike 1-1: Fly out, F8 (Flyball, 8RM) Runner from 3rd tags up, SCORES, no throw
|
Batting: RHB Kevin Sanderson
|
0-0: Ball 1-0: Fly out, F8 (Flyball, 8RM)
|
Top of the 5th over - 1 run(s), 0 hit(s), 1 error(s), 2 left on base; Durham 7 - Helena 0 |
BOTTOM OF THE 5TH |
Helena Grizzlies batting - Pitching for Durham Rapiers : LHP David Cole
|
Batting: RHB Joe Chase
|
0-0: Foul Ball, location: 2F 0-1: SOLO HOME RUN (Flyball, 8LXD), Distance : 429 ft
|
Batting: RHB Curt Pope
|
0-0: Swinging Strike 0-1: Ground out 6-3 (Groundball, 6)
|
Batting: RHB Matt Williams
|
0-0: Swinging Strike 0-1: Ball 1-1: Swinging Strike 1-2: Foul Ball, location: 2F 1-2: Ball 2-2: Strikes out swinging
|
Batting: RHB Hank Kenney
|
0-0: Called Strike 0-1: Ball 1-1: Ball 2-1: Called Strike 2-2: Foul Ball, location: 2F 2-2: Ball 3-2: Base on Balls
|
Batting: RHB David Ramírez
|
0-0: DOUBLE (Line Drive, 7LM) Hank Kenney to third Runner from 3rd tries for Home, SAFE, no throw or cutoff
|
Batting: RHB Jorge Díaz
|
0-0: Ball 1-0: Called Strike 1-1: Foul Ball, location: 2F 1-2: Foul Ball, location: 2F 1-2: Foul Ball, location: 2F 1-2: Ball 2-2: Ball 3-2: Base on Balls
|
Batting: LHB Rufo Flores
|
0-0: Ball 1-0: Called Strike 1-1: Ball 2-1: Foul Ball, location: 2F 2-2: Ball 3-2: Ground out 6-3 (Groundball, 6)
|
Bottom of the 5th over - 2 run(s), 2 hit(s), 0 error(s), 2 left on base; Durham 7 - Helena 2 |
TOP OF THE 6TH |
Durham Rapiers batting - Pitching for Helena Grizzlies : RHP José Gutiérrez
|
Batting: RHB Caleb Lee
|
0-0: Ball 1-0: Ground out 6-3 (Groundball, 6)
|
Batting: RHB Luis Tapia
|
0-0: Fly out, F6 (Popup, 6)
|
Batting: SHB Dan Godwin
|
0-0: Fly out, F4 (Popup, 4D)
|
Top of the 6th over - 0 run(s), 0 hit(s), 0 error(s), 0 left on base; Durham 7 - Helena 2 |
BOTTOM OF THE 6TH |
Helena Grizzlies batting - Pitching for Durham Rapiers : LHP David Cole
|
Batting: SHB Bruce Hunt
|
0-0: Ball 1-0: Ball 2-0: Ball 3-0: Base on Balls
|
Batting: RHB Octávio Zúñiga
|
0-0: Foul Ball, location: 2F 0-1: Grounds into double play, 5-4-3 (Groundball, 56)
|
Batting: RHB Joe Chase
|
0-0: Called Strike 0-1: Ball 1-1: Foul Ball, location: 2F 1-2: Ball 2-2: Foul Ball, location: 2F 2-2: Strikes out swinging
|
Bottom of the 6th over - 0 run(s), 0 hit(s), 0 error(s), 0 left on base; Durham 7 - Helena 2 |
TOP OF THE 7TH |
Durham Rapiers batting - Pitching for Helena Grizzlies : RHP José Gutiérrez
|
Batting: SHB Robby Day
|
0-0: Called Strike 0-1: Ball 1-1: DOUBLE (Flyball, 8RXD)
|
Batting: LHB Adrián Franco
|
0-0: Sac Bunt - play at first, batter OUT! 5-3 Robby Day to third
|
Batting: RHB Augusto Flores
|
0-0: Ball 1-0: Ball 2-0: Called Strike 2-1: Fly out, F8 (Flyball, 8LXD) Runner from 3rd tags up, SCORES, no throw
|
Batting: SHB Orlando López
|
0-0: Foul Ball, location: 2F 0-1: Swinging Strike 0-2: Ball 1-2: Foul Ball, location: 2F 1-2: Strikes out swinging
|
Top of the 7th over - 1 run(s), 1 hit(s), 0 error(s), 0 left on base; Durham 8 - Helena 2 |
BOTTOM OF THE 7TH |
Helena Grizzlies batting - Pitching for Durham Rapiers : LHP David Cole
|
Batting: RHB Curt Pope
|
0-0: SINGLE (Line Drive, 56)
|
Pitching: RHP Morgan MacDonald
|
|
Batting: RHB Matt Williams
|
0-0: SINGLE (Line Drive, 4MD) Curt Pope to second
|
Batting: RHB Hank Kenney
|
0-0: SINGLE (Groundball, 5L) Curt Pope to third Matt Williams to second
|
Batting: RHB David Ramírez
|
0-0: Ball 1-0: Foul Ball, location: 2F 1-1: Foul Ball, location: 2F 1-2: Foul Ball, location: 2F 1-2: Ball 2-2: SINGLE (Line Drive, 8RS) Curt Pope scores Matt Williams to third Hank Kenney to second Runner from 3rd tries for Home, SAFE, throw made home Hank Kenney to third David Ramírez to second
|
Batting: RHB Jorge Díaz
|
0-0: SINGLE (Groundball, 6MD) Hank Kenney scores David Ramírez to third
|
Batting: LHB Rufo Flores
|
0-0: Fly out, F7 (Flyball, 7LMF) Runner from 3rd tags up, SCORES, throw made
|
Pitching: RHP Timothy Jackson
|
|
Batting: SHB Bruce Hunt
|
0-0: Called Strike 0-1: Ball 1-1: Called Strike 1-2: Foul Ball, location: 2F 1-2: Ball 2-2: Ball 3-2: Foul Ball, location: 2F 3-2: Base on Balls Jorge Díaz to second
|
Pinch Hitting: SHB Eric O'Neill
|
0-0: Ball 1-0: Swinging Strike 1-1: Ball Jorge Díaz is caught stealing 3rd base Bruce Hunt to second 2-1: Foul Ball, location: 2F 2-2: Strikes out swinging
|
Bottom of the 7th over - 4 run(s), 5 hit(s), 0 error(s), 1 left on base; Durham 8 - Helena 6 |
TOP OF THE 8TH |
Durham Rapiers batting - Pitching for Helena Grizzlies : RHP José Gutiérrez
|
Now in RF: Eric O'Neill
|
|
Batting: LHB Evan Nelson
|
0-0: Called Strike 0-1: Swinging Strike 0-2: Ball 1-2: Strikes out looking
|
Batting: RHB Kevin Sanderson
|
0-0: Ball 1-0: Ball 2-0: SINGLE (Line Drive, 4D)
|
Batting: RHB Caleb Lee
|
0-0: Called Strike 0-1: Called Strike 0-2: Ball 1-2: Ball 2-2: Ball 3-2: Grounds into double play, 1-6-3 (Groundball, 13)
|
Top of the 8th over - 0 run(s), 1 hit(s), 0 error(s), 0 left on base; Durham 8 - Helena 6 |
BOTTOM OF THE 8TH |
Helena Grizzlies batting - Pitching for Durham Rapiers : RHP Timothy Jackson
|
Batting: RHB Joe Chase
|
0-0: Called Strike 0-1: SINGLE (Groundball, 4MD)
|
Batting: RHB Curt Pope
|
0-0: Ball 1-0: Ball 2-0: Ball 3-0: Base on Balls Joe Chase to second
|
Batting: RHB Matt Williams
|
0-0: Called Strike 0-1: Ball 1-1: Bunted foul 1-2: Ball 2-2: Ground out 4-3 (Groundball, 6M) Joe Chase to third Curt Pope to second
|
Pinch Hitting: LHB Iván Flores
|
0-0: Hit by Pitch
|
Batting: RHB David Ramírez
|
0-0: Called Strike 0-1: Ball 1-1: Fly out, F3 (Popup, 23F)
|
Batting: RHB Jorge Díaz
|
0-0: Ball 1-0: Foul Ball, location: 2F 1-1: SINGLE (Line Drive, 56D) Joe Chase scores Curt Pope to third Iván Flores to second Runner from 3rd tries for Home, SAFE, no throw or cutoff
|
Batting: LHB Rufo Flores
|
0-0: Ball 1-0: Ball 2-0: SINGLE (Line Drive, 8LS) Iván Flores to third Jorge Díaz to second Runner from 3rd tries for Home, SAFE, no throw or cutoff
|
Pitching: LHP Ricardo Ávila
|
|
Batting: SHB Bruce Hunt
|
0-0: Ball 1-0: SINGLE (Groundball, 56) Jorge Díaz to third Rufo Flores to second Runner from 3rd tries for Home, SAFE, no throw or cutoff
|
Batting: SHB Eric O'Neill
|
0-0: Called Strike 0-1: Swinging Strike 0-2: Ball 1-2: Ball 2-2: Ball 3-2: Strikes out swinging
|
Bottom of the 8th over - 4 run(s), 4 hit(s), 0 error(s), 2 left on base; Durham 8 - Helena 10 |
TOP OF THE 9TH |
Durham Rapiers batting - Pitching for Helena Grizzlies : RHP José Gutiérrez
|
Pitching: RHP Clancy McKinney
|
|
Now in LF: Iván Flores
|
|
Batting: RHB Luis Tapia
|
0-0: Ball 1-0: Ball 2-0: Swinging Strike 2-1: Foul Ball, location: 2F 2-2: Foul Ball, location: 2F 2-2: Strikes out swinging
|
Batting: SHB Dan Godwin
|
0-0: Called Strike 0-1: Ball 1-1: Foul Ball, location: 2F 1-2: Fly out, F8 (Flyball, 8LM)
|
Batting: SHB Robby Day
|
0-0: Ground out U3 (Groundball, 3S)
|
Top of the 9th over - 0 run(s), 0 hit(s), 0 error(s), 0 left on base; Durham 8 - Helena 10 |
|